 Dungeon Crawl Stone Soup version 0.32-a0-872-g59262bdc9b (webtiles) character file.

Game seed: 7999037766888883468

12803 601d51SH the Blocker (level 11, -3/69 (81) HPs)
             Began as a Gnoll Fighter on Mar 31, 2024.
             Was a Priest of Hepliaklqana.
             Killed from afar by a manticore (16 damage)
             ... with a volley of spikes
             ... on level 12 of the Dungeon.
             The game lasted 00:25:31 (10308 turns).

601d51SH the Blocker (Gnoll Fighter)               Turns: 10308, Time: 00:25:31

HP:   -3/69 (81)    AC: 10    Str: 25    XL:     11   Next: 99%
MP:   0/21          EV: 16    Int: 14    God:    Hepliaklqana [***...]
Gold: 439           SH:  0    Dex: 25    Spells: 23/24 levels left

rFire   + . .        I - +4 battleaxe of Disaster {drain, Int+5 Dex+3}
rCold   . . .        (shield currently unavailable)
rNeg    . . .        k - +3 ring mail of Submission {Fly rF+ Dex+5}
rPois   .            (helmet currently unavailable)
rElec   .            (cloak currently unavailable)
rCorr   .            (gloves currently unavailable)
SInv    .            (boots currently unavailable)
Will    .....        e - amulet of guardian spirit
Stlth   +++          J - +6 ring of dexterity
HPRegen 0.31/turn    F - +6 ring of strength
MPRegen 0.17/turn

%: guardian spirit
@: mighty, beast-form, spiked, flying, slowed, heavily drained, very slow
A: beast (slay +3), reduced essence, fangs 1, strong nose, distributed training
a: Begin Untransformation, Renounce Religion, Recall Ancestor, Ancestor
Identity, Transference


You were on level 12 of the Dungeon.
You worshipped Hepliaklqana.
Hepliaklqana was most pleased with you.
You were a hulking beast.
You visited 2 branches of the dungeon, and saw 13 of its levels.
You also visited: Sewer.

You collected 577 gold pieces.
You spent 138 gold pieces at shops.

Inventory:

Hand Weapons
 a - a +2 orcbow of draining
 r - a +3 sling of flaming
 s - a +1 short sword of venom
 w - a +4 heavy spear
 I - the +4 battleaxe of Disaster (weapon) {drain, Int+5 Dex+3}
   (You found it on level 7 of the Dungeon)

   Int+5:     It affects your intelligence (+5).
   Dex+3:     It affects your dexterity (+3).
 P - a +4 long sword
 U - a +0 dire flail
 W - a +5 mace
 X - a +4 vampiric hand axe
Missiles
 t - a throwing net
 D - 25 poisoned darts (quivered)
 R - a curare-tipped dart
Armour
 c - a +1 buckler
 k - the +3 ring mail of Submission (worn) {Fly rF+ Dex+5}
   (You found it on level 2 of the Dungeon)

   Dex+5:     It affects your dexterity (+5).
   rF+:       It protects you from fire.
   Fly:       It grants you flight.
 y - a +0 pair of gloves
 N - a +0 helmet
Jewellery
 e - an amulet of guardian spirit (around neck)
 F - a +6 ring of strength (right hand)
 J - a +6 ring of dexterity (left hand)
 S - a ring of resist corrosion
Talismans
 l - a storm talisman
 E - a beast talisman (active)
Wands
 p - a wand of digging (15)
 G - a wand of iceblast (6)
 M - a wand of polymorph (6)
 T - a wand of paralysis (3)
Scrolls
 h - 5 scrolls of amnesia
 i - 3 scrolls of revelation
 j - 2 scrolls of vulnerability
 o - 3 scrolls of enchant armour
 q - 3 scrolls of teleportation {unknown}
 H - 3 scrolls of fear
 K - a scroll of brand weapon {unknown}
 L - 2 scrolls of blinking
 O - 2 scrolls of fog {unknown}
 Q - 3 scrolls of poison
 V - a scroll of butterflies {unknown}
Potions
 f - 3 potions of mutation
 g - 2 potions of heal wounds
 m - a potion of haste {unknown}
 n - 2 potions of cancellation
 u - 6 potions of curing
 v - 3 potions of enlightenment
 x - 2 potions of resistance {unknown}
 z - a potion of lignification {unknown}
 A - 2 potions of magic
 B - a potion of berserk rage {unknown}
 C - a potion of ambrosia {unknown}


   Skills:
 + Level 9.7 Fighting
 + Level 7.0 Short Blades
 + Level 7.0 Long Blades
 + Level 8.5 Axes
 + Level 7.0 Maces & Flails
 + Level 7.0 Polearms
 + Level 7.0 Staves
 + Level 7.0 Ranged Weapons
 + Level 7.0 Throwing
 + Level 9.7 Armour
 + Level 7.0 Dodging
 + Level 7.0 Stealth
 + Level 9.7 Shields
 + Level 7.0 Unarmed Combat
 + Level 7.0 Spellcasting
 + Level 5.8 Conjurations
 + Level 5.8 Hexes
 + Level 5.8 Summonings
 + Level 5.8 Necromancy
 + Level 5.8 Translocations
 + Level 5.8 Fire Magic
 + Level 5.8 Ice Magic
 + Level 5.8 Air Magic
 + Level 5.8 Earth Magic
 + Level 5.8 Alchemy
 + Level 7.7 Invocations
 + Level 7.0 Evocations
 + Level 6.4 Shapeshifting


You had 23 spell levels left.
You knew the following spells:

 Your Spells              Type           Power      Damage    Failure   Level
a - Slow                  Hex            84%        N/A       1%          1

Your spell library contained the following spells:

 Spells                   Type           Power      Damage    Failure   Level
 Apportation              Tloc           42%        N/A       1%          1
 Freeze                   Ice            84%        1d9       1%          1
 Necrotise                Necr           84%        1d8       1%          1
 Sting                    Conj/Alch      84%        1d8       1%          1
 Summon Small Mammal      Summ           84%        N/A       1%          1
 Confusing Touch          Hex            21%        N/A       5%          3
 Frozen Ramparts          Ice            42%        1d7       5%          3
 Hailstorm                Conj/Ice       21%        3d7       5%          3
 Vampiric Draining        Necr           21%        2d7       5%          3


Dungeon Overview and Level Annotations

Branches:
Dungeon (12/15)            Temple (1/1) D:4            Lair (0/5) D:9
  Sewer (visited)
    Orc: D:9-12

Altars:
Ashenzari
Cheibriados
Dithmenos
Fedhas
Gozag
Hepliaklqana
Kikubaaqudgha
Makhleb
Nemelex Xobeh
Okawaru
Qazlal
Ru
Sif Muna
Trog
Uskayaw
Vehumet
Wu Jian
Xom
Yredelemnul

Shops:
D:2 *   D:5 [

Annotations:
D:12 Josephine


Innate Abilities, Weirdness & Mutations

You are a hulking beast.
Your limbs bulge with bestial killing power. (Slay +3)
Your life essence is reduced to manifest your ancestor. (-10% HP)
You have very sharp teeth.
Your uncanny sense of smell can sniff out nearby items.
Your experience applies equally to all skills.


Message History

The wraith is heavily damaged.
You hit the wraith but do no damage. The wraith closely misses you.
Josephine hits Vozu with a +1 dagger of speed!
Vozu hits Josephine with a +0 dagger of draining!
The wraith barely misses you.
The wraith closely misses Vozu.
The wraith hits you but does no damage. The wraith hits you.
The wraith drains your vigour!
You feel yourself slow down.
Josephine points at you and mumbles some strange words.
The ghostly flame explodes!
The ghostly fireball engulfs the wraith.
The wraith completely resists.
The ghostly fireball engulfs the wraith.
The wraith completely resists.
The ghostly fireball engulfs you!!
You feel drained.
The ghostly fireball engulfs Vozu.
Vozu completely resists.
The ghostly fireball engulfs the wraith.
The wraith completely resists.
The ghostly fireball engulfs Josephine.
Josephine completely resists.
You closely miss the wraith.
The wraith is heavily damaged.
You slash the wraith! You barely miss the wraith. The wraith misses you.
The wraith hits Vozu!
Vozu is destroyed!
The wraith hits you! The wraith hits you but does no damage.
Josephine gestures at you while chanting.
The ghostly flame explodes!
The ghostly fireball engulfs the wraith.
The wraith completely resists.
The ghostly fireball engulfs the wraith.
The wraith completely resists.
The ghostly fireball engulfs you!!
You feel drained.
* * * LOW HITPOINT WARNING * * *
The ghostly fireball engulfs the wraith.
The wraith completely resists.
The ghostly fireball engulfs Josephine.
Josephine completely resists.
The manticore flicks its tail.
The volley of spikes skewers you!
Barbed spikes become lodged in your body.
You die...
Hepliaklqana delivers you to your ancestors.

...#. #####.....
#......... ..
###########.........
....##.<...##.....W......
....#.........!..)W......
.#....<.........W.@......
.##........o....hW..##
.............>...W.......
..............$.....#.#..
$................H......
........................#
........(...............#
.....(................#..
..<.......#...........###
......................


You could see Josephine, a manticore, 5 wraiths and an orc.

Vanquished Creatures
  A two-headed ogre (D:9)
  A cyclops (D:10)
  A manticore (D:12)
  A troll (D:11)
  Sigmund (D:6)
  3 wyverns
  A wraith (D:11)
  2 shadows
  17 yaks
  A steam dragon (D:7)
  4 water moccasins
  2 ice beasts
  A sky beast (D:7)
  An orc warrior (D:9)
  3 ogres
  A centaur (D:9)
  A phantom (D:5)
  3 kobold brigands
  5 bullfrogs
  2 gnoll sergeants
  6 scorpions
  15 wights
  5 killer bees (D:10)
  A howler monkey (D:11)
  A bombardier beetle (D:4)
  3 hounds
  3 jellies
  6 orc priests
  A sleepcap (D:7)
  An iguana (D:5)
  7 orc wizards
  6 gnolls
  2 river rats
  5 adders
  2 white imps
  3 ufetubi
  2 dart slugs
  35 orcs
  8 ball pythons
  4 endoplasms
  6 giant cockroaches
  5 goblins
  A hobgoblin (D:2)
  8 jackals
  22 kobolds
  5 quokkas
  5 bats
  2 frilled lizards
  7 rats
229 creatures vanquished.

Vanquished Creatures (collateral kills)
  A boulder beetle (D:11)
  A cyclops (D:12)
  A slime creature (D:12)
  Joseph (D:8)
  A troll (D:12)
  7 yaks
  An acid dragon (D:12)
  A water moccasin (D:9)
  A centaur (D:8)
  A kobold brigand (D:10)
  A scorpion (D:9)
  4 wights
  A killer bee (D:10)
  An iguana (D:6)
  2 orc wizards
  5 orcs
  3 kobolds
33 creatures vanquished.

Vanquished Creatures (others)
  4 hexers
  An orc wizard (D:7)
  An ancestor (D:7)
  An orc (D:7)
7 creatures vanquished.

Grand Total: 269 creatures vanquished

Notes
Turn   | Place    | Note
-------+----------+-------------------------------------------
     0 | D:1      | 601d51SH the Gnoll Fighter began the quest for the Orb.
     0 | D:1      | Reached XP level 1. HP: 23/23 MP: 1/1
   241 | D:1      | Reached XP level 2. HP: 26/29 MP: 2/2
   808 | D:1      | Reached XP level 3. HP: 32/35 MP: 1/3
  1030 | D:2      | Reached skill level 1 in Invocations
  1034 | D:2      | Found Ykhli's Assorted Antiques.
  1046 | D:2      | Bought a scroll labelled HEMPAFR FOPN for 20 gold pieces
  1046 | D:2      | Bought a scroll labelled QIODUL VACK for 20 gold pieces
  1060 | D:2      | Identified the +3 ring mail of Submission {Fly rF+ Dex+5}
  1109 | D:2      | Reached skill level 1 in Short Blades
  1109 | D:2      | Reached skill level 1 in Long Blades
  1109 | D:2      | Reached skill level 1 in Maces & Flails
  1109 | D:2      | Reached skill level 1 in Polearms
  1109 | D:2      | Reached skill level 1 in Staves
  1109 | D:2      | Reached skill level 1 in Ranged Weapons
  1109 | D:2      | Reached skill level 1 in Throwing
  1109 | D:2      | Reached skill level 1 in Dodging
  1109 | D:2      | Reached skill level 1 in Stealth
  1109 | D:2      | Reached skill level 1 in Unarmed Combat
  1109 | D:2      | Reached skill level 1 in Spellcasting
  1109 | D:2      | Reached skill level 1 in Evocations
  1115 | D:2      | Learned a level 1 spell: Slow
  1610 | D:2      | Bought a black potion for 18 gold pieces
  1691 | D:2      | Bought a glowing glass wand for 80 gold pieces
  1732 | D:3      | You are sucked into a shaft and drop 1 floor!
  1769 | D:4      | Reached skill level 1 in Shapeshifting
  1769 | D:4      | Reached XP level 4. HP: 40/41 MP: 5/5
  2003 | D:4      | Reached skill level 1 in Conjurations
  2003 | D:4      | Reached skill level 1 in Hexes
  2003 | D:4      | Reached skill level 1 in Summonings
  2003 | D:4      | Reached skill level 1 in Necromancy
  2003 | D:4      | Reached skill level 1 in Translocations
  2003 | D:4      | Reached skill level 1 in Fire Magic
  2003 | D:4      | Reached skill level 1 in Ice Magic
  2003 | D:4      | Reached skill level 1 in Air Magic
  2003 | D:4      | Reached skill level 1 in Earth Magic
  2003 | D:4      | Reached skill level 1 in Alchemy
  2031 | D:4      | Found a glowing drain.
  2038 | Sewer    | Entered a sewer
  2106 | Sewer    | Noticed a kobold brigand
  2123 | Sewer    | Killed a kobold brigand
  2124 | Sewer    | Reached XP level 5. HP: 28/47 MP: 4/7
  2165 | Sewer    | Found a glowing silver altar of Zin.
  2319 | D:4      | Reached XP level 6. HP: 41/53 MP: 6/8
  2506 | D:4      | Reached skill level 5 in Axes
  2685 | D:4      | Reached XP level 7. HP: 36/60 MP: 10/10
  2923 | D:4      | Found a staircase to the Ecumenical Temple.
  2929 | Temple   | Entered the Ecumenical Temple
  2952 | Temple   | Became a worshipper of Hepliaklqana the Forgotten
  3169 | D:5      | Entered Level 5 of the Dungeon
  3176 | D:5      | Found Ygoune Zemn's Antique Armour Boutique.
  3702 | D:5      | Reached XP level 8. HP: 60/67 MP: 10/12
  4276 | D:5      | Found a bloodstained altar of Trog.
  4290 | D:5      | Found a sacrificial altar of Ru.
  4691 | D:6      | Noticed Sigmund
  4698 | D:6      | Killed Sigmund
  4735 | D:6      | Reached * piety under Hepliaklqana
  4837 | D:6      | Found a stormy altar of Qazlal.
  5463 | D:7      | Identified the +4 battleaxe of Disaster {drain, Int+5
                  | Dex+3}
  5633 | D:7      | Reached XP level 9. HP: 65/65 MP: 14/14
  5964 | D:7      | Reached skill level 5 in Invocations
  6361 | D:7      | Reached ** piety under Hepliaklqana
  6362 | D:7      | Remembered your ancestor Vozu as a hexer
  6756 | D:8      | Reached skill level 5 in Short Blades
  6756 | D:8      | Reached skill level 5 in Long Blades
  6756 | D:8      | Reached skill level 5 in Maces & Flails
  6756 | D:8      | Reached skill level 5 in Polearms
  6756 | D:8      | Reached skill level 5 in Staves
  6756 | D:8      | Reached skill level 5 in Ranged Weapons
  6756 | D:8      | Reached skill level 5 in Throwing
  6756 | D:8      | Reached skill level 5 in Dodging
  6756 | D:8      | Reached skill level 5 in Stealth
  6756 | D:8      | Reached skill level 5 in Unarmed Combat
  6756 | D:8      | Reached skill level 5 in Spellcasting
  6756 | D:8      | Reached skill level 5 in Evocations
  6756 | D:8      | Reached XP level 10. HP: 68/72 MP: 17/17
  6979 | D:8      | Noticed Joseph
  6998 | D:8      | Killed Joseph
  7395 | D:9      | Noticed a two-headed ogre
  7399 | D:9      | Killed a two-headed ogre
  7400 | D:9      | Reached skill level 5 in Shapeshifting
  7860 | D:9      | Reached *** piety under Hepliaklqana
  7899 | D:9      | Reached skill level 5 in Conjurations
  7899 | D:9      | Reached skill level 5 in Hexes
  7899 | D:9      | Reached skill level 5 in Summonings
  7899 | D:9      | Reached skill level 5 in Necromancy
  7899 | D:9      | Reached skill level 5 in Translocations
  7899 | D:9      | Reached skill level 5 in Fire Magic
  7899 | D:9      | Reached skill level 5 in Ice Magic
  7899 | D:9      | Reached skill level 5 in Air Magic
  7899 | D:9      | Reached skill level 5 in Earth Magic
  7899 | D:9      | Reached skill level 5 in Alchemy
  7899 | D:9      | Reached XP level 11. HP: 69/80 MP: 16/20
  8193 | D:9      | Found a staircase to the Lair.
  8533 | D:10     | Entered Level 10 of the Dungeon
  8541 | D:10     | Identified the +3 leather armour "Dutantuf" {rElec}
  8548 | D:10     | Noticed a cyclops
  8568 | D:10     | Killed a cyclops
  8716 | D:10     | Found an opulent altar of Gozag.
  9085 | D:10     | Found a radiant altar of Vehumet.
  9630 | D:11     | Reached **** piety under Hepliaklqana
  9784 | D:11     | Noticed a boulder beetle
  9901 | D:11     | Killed a boulder beetle
 10116 | D:12     | Noticed a manticore
 10126 | D:12     | Killed a manticore
 10129 | D:12     | Noticed a cyclops
 10135 | D:12     | Killed a cyclops
 10298 | D:12     | Noticed Josephine
 10301 | D:12     | Noticed a manticore
 10308 | D:12     | Killed from afar by a manticore

Illustrated notes

Levels and vault maps discovered:
D:1:      dpeg_arrival_brainrot, layout_basic, minmay_misc_feat_five,
          dreamdust_mushroom_princess, nicolae_hexahallways
D:2:      layout_rooms, serial_shops, shop, serial_bayou_pond_d
D:3:      layout_rooms, dreamdust_divine_triumvirate, chequers_garden,
          kennysheep_pointless_box
D:4:      layout_basic, temple_green, gup_sewer_entry_bubbles
D:5:      layout_gridville, mainiacjoe_overflow_swirl, serial_shops,
          nicolae_shop_overgrown_old_shop, kennysheep_flooded_box
D:6:      layout_loops_ring, grunt_qazlal_clouds, eino_curves_03,
          grunt_decor_arrowhead, uniq_sigmund
D:7:      layout_loops_corners, minmay_bent
D:8:      layout_basic, chequers_serial_rivers_small_3,
          minmay_misc_feat_pillars, amcnicky_mini_pool_small, uniq_joseph
D:9:      layout_gridville, due_lair_maze_entry_diamond
D:10:     layout_rooms, mainiacjoe_overflow_boulevard, lemuel_tele_altar
D:11:     layout_loops_ring
D:12:     layout_rooms, orc_david_3, serial_shops,
          nicolae_shop_tiny_real_fake_doors, lightli_wizard_tower,
          uniq_josephine
Temple:   jpeg_temple_clearing

Skill      XL: |  1  2  3  4  5  6  7  8  9 10 11 |
---------------+----------------------------------+-----
Invocations    | 1 2 3 4 5 6 7 |  7.7
Short Blades   | 1 2 3 5 6 7 |  7.0
Long Blades    | 1 2 3 5 6 7 |  7.0
Maces & Flails | 1 2 3 5 6 7 |  7.0
Polearms       | 1 2 3 5 6 7 |  7.0
Staves         | 1 2 3 5 6 7 |  7.0
Ranged Weapons | 1 2 3 5 6 7 |  7.0
Throwing       | 1 2 3 5 6 7 |  7.0
Dodging        | 1 2 3 5 6 7 |  7.0
Stealth        | 1 2 3 5 6 7 |  7.0
Unarmed Combat | 1 2 3 5 6 7 |  7.0
Spellcasting   | 1 2 3 5 6 7 |  7.0
Evocations     | 1 2 3 5 6 7 |  7.0
Shapeshifting  | 1 2 3 4 5 6 |  6.4
Conjurations   | 1 2 3 4 5 |  5.8
Hexes          | 1 2 3 4 5 |  5.8
Summonings     | 1 2 3 4 5 |  5.8
Necromancy     | 1 2 3 4 5 |  5.8
Translocations | 1 2 3 4 5 |  5.8
Fire Magic     | 1 2 3 4 5 |  5.8
Ice Magic      | 1 2 3 4 5 |  5.8
Air Magic      | 1 2 3 4 5 |  5.8
Earth Magic    | 1 2 3 4 5 |  5.8
Alchemy        | 1 2 3 4 5 |  5.8
Axes           | 5 6 7 8 |  8.5
Fighting       | 7 8 9 |  9.7
Armour         | 7 8 9 |  9.7
Shields        | 7 8 9 |  9.7

Action                     |  1- 3 |  4- 6 |  7- 9 | 10-12 || total
---------------------------+-------+-------+-------+-------++-------
  Melee: War axe           |    97 |   135 |   151 |       ||   383
         Bite              |     4 |    16 |    21 |    23 ||    64
         Battleaxe         |       |       |    72 |   179 ||   251
  Throw: Dart              |       |       |       |     5 ||     5
 Invoke: Ancestor Life: He |       |       |     1 |       ||     1
         Recall Ancestor   |       |       |       |     1 ||     1
    Use: Scroll            |       |       |     7 |     4 ||    11
         Potion            |       |       |       |     4 ||     4
   Stab: Distracted        |       |       |     2 |     5 ||     7
         Sleeping          |       |       |     1 |     5 ||     6
         Confused          |       |       |       |     3 ||     3
 Armour: Scale mail        |    58 |       |       |       ||    58
         Ring mail         |    26 |    82 |   142 |   155 ||   405
  Dodge: Dodged            |    41 |    65 |   130 |   147 ||   383
  Block: Buckler           |    29 |    50 |    58 |       ||   137
   Form: Beast             |       |       |     1 |       ||     1

Table legend: (Time is in decaauts)
 A = Elapsed time spent in this place.
 B = Non-inter-level travel time spent in this place.
 C = Inter-level travel time spent in this place.
 D = Time resting spent in this place.
 E = Time spent auto-exploring this place.
 F = Levels seen in this place.
 G = Mean time per level.
                   A        B        C        D        E       F      G
               +--------+--------+--------+--------+--------+-----+--------+
         Total |  10492 |   9905 |    587 |    287 |   7377 |  14 |  749.4 |
       Dungeon |  10247 |   9693 |    554 |    270 |   7329 |  12 |  853.9 |
        Temple |     45 |     12 |     33 |      0 |      0 |   1 |   45.0 |
         Sewer |    198 |    198 |      0 |     17 |     48 |   1 |  198.0 |
               +--------+--------+--------+--------+--------+-----+--------+

Top non-repeatable levels by time:
     D:7: 1495 daAuts
     D:5: 1389 daAuts
     D:4: 1232 daAuts
     D:9: 1182 daAuts
    D:11: 1023 daAuts
     D:1: 983 daAuts
     D:8: 696 daAuts
     D:2: 694 daAuts
     D:6: 678 daAuts
    D:10: 593 daAuts
   Sewer: 198 daAuts
    D:12: 195 daAuts
     D:3: 81 daAuts
  Temple: 45 daAuts
